 Dungeon Crawl Stone Soup version 0.29.1-15-g9cfb28693d (webtiles) character file.

Game seed: 101309671407831558

27994 fleeber the Markskobold (level 13, -17/82 HPs)
             Began as a Kobold Hunter on Mar 12, 2023.
             Was a High Priest of Fedhas.
             Demolished by a death yak simulacrum (29 damage)
             ... on level 5 of the Lair of Beasts on Mar 16, 2023.
             The game lasted 01:21:24 (23777 turns).

fleeber the Markskobold (Kobold Hunter)            Turns: 23777, Time: 01:21:25

Health: -17/82     AC: 17    Str:  9    XL:     13   Next: 70%
Magic:  19/19      EV: 20    Int: 11    God:    Fedhas [*****.]
Gold:   880        SH:  0    Dex: 22    Spells: 18/19 levels left

rFire   . . .      SeeInvis .   a - +4 shortbow
rCold   . . .      Faith    .   (shield currently unavailable)
rNeg    . . .      Spirit   .   t - +4 ring mail {rPois}
rPois   +          Reflect  .   q - +0 helmet
rElec   .          Harm     .   G - +1 cloak
rCorr   .          Rampage  .   V - +2 pair of gloves
Will    +....                   R - +1 pair of boots
Stlth   ++++++....              j - amulet of regeneration
HPRegen 1.03/turn               f - ring of flight
MPRegen 0.16/turn               U - ring of willpower

@: flying
A: small, no large weapons, nightstalker 3
a: Renounce Religion, Wall of Briars, Grow Ballistomycete, Overgrow, Grow Oklob


You were on level 5 of the Lair of Beasts.
You worshipped Fedhas.
Fedhas was extremely pleased with you.
You visited 3 branches of the dungeon, and saw 17 of its levels.
You also visited: Bailey.

You collected 1177 gold pieces.
You spent 297 gold pieces at shops.

Inventory:

Hand Weapons
 a - a +4 shortbow (weapon)
Missiles
 g - 7 throwing nets
 h - 151 stones
Armour
 q - a +0 helmet (worn)
 t - a +4 ring mail of poison resistance (worn)
 G - a +1 cloak (worn)
 R - a +1 pair of boots (worn)
 V - a +2 pair of gloves (worn)
Jewellery
 f - a ring of flight (left hand)
 j - an amulet of regeneration (around neck)
 B - an amulet of faith
 L - a +6 ring of strength
 M - a +6 ring of intelligence
 N - a ring of wizardry
 U - a ring of willpower (right hand)
Wands
 c - a wand of acid (2)
 J - a wand of flame (21)
 O - a wand of charming (4)
 T - a wand of polymorph (2)
Scrolls
 b - 4 scrolls of immolation
 e - 2 scrolls of amnesia
 m - 3 scrolls of teleportation
 n - 2 scrolls of poison
 r - a scroll of brand weapon {unknown}
 v - a scroll of noise {unknown}
 x - a scroll of torment
 y - 3 scrolls of magic mapping
 C - a scroll of blinking
 D - a scroll of silence {unknown}
 E - a scroll of vulnerability {unknown}
 H - a scroll of fear
 I - a scroll of summoning
 Q - 2 scrolls of butterflies {unknown}
 W - a scroll of enchant weapon
Potions
 d - 5 potions of attraction
 i - 3 potions of degeneration
 k - 2 potions of flight
 l - 5 potions of resistance
 o - 3 potions of lignification
 p - a potion of invisibility {unknown}
 s - 4 potions of brilliance
 u - 3 potions of ambrosia
 w - 2 potions of might
 z - a potion of magic
 A - 3 potions of mutation
 F - a potion of berserk rage
 K - 2 potions of curing
 S - a potion of cancellation {unknown}
 X - a potion of haste
Miscellaneous
 P - a condenser vane


   Skills:
 - Level 10.2 Fighting
 - Level 16.0 Ranged Weapons
 - Level 11.2 Dodging
 - Level 12.8 Stealth
 + Level 3.9 Spellcasting
 + Level 3.8 Hexes
 - Level 8.7 Invocations
 + Level 5.4 Evocations


You had 18 spell levels left.
You knew the following spells:

 Your Spells              Type           Power      Damage    Failure   Level
a - Slow                  Hex            40%        N/A       14%         1

Your spell library contained the following spells:

 Spells                   Type           Power      Damage    Failure   Level
 Confusing Touch          Hex            10%        N/A       38%         3
 Necrotise                Necr           8%         1d4       56%         1
 Portal Projectile        Hex/Tloc       12%        N/A       67%         3
 Cause Fear               Hex            5%         N/A       80%         4
 Conjure Flame            Conj/Fire      2%         6-21      90%         3
 Frozen Ramparts          Ice            4%         1d1       90%         3
 Gell's Gravitas          Tloc           2%         N/A       90%         3
 Ignite Poison            Fire/Tmut/Pois 2%         N/A       90%         3
 Vampiric Draining        Necr           2%         2d6       90%         3
 Anguish                  Hex/Necr       3%         N/A       97%         4
 Ice Form                 Ice/Tmut       2%         N/A       100%        4
 Sticky Flame             Conj/Fire      2%         2d3       100%        4
 Summon Ice Beast         Ice/Summ       2%         N/A       100%        4
 Agony                    Necr           2%         N/A       100%        5
 Alistair's Intoxication  Tmut/Pois      1%         N/A       100%        5
 Summon Forest            Summ/Tloc      1%         N/A       100%        5
 Summon Mana Viper        Hex/Summ       6%         N/A       100%        5
 Yara's Violent Unravell  Hex/Tmut       3%         3d4       100%        5
 Eringya's Noxious Bog    Tmut/Pois      1%         N/A       100%        6
 Summon Cactus Giant      Summ           1%         N/A       100%        6
 Dragon Form              Tmut           1%         N/A       100%        7
 Enfeeble                 Hex            5%         N/A       100%        7
 Dragon's Call            Summ           1%         N/A       100%        9


Dungeon Overview and Level Annotations

Branches:
Dungeon (11/15)            Temple (0/1) D:6            Lair (5/5) D:9
  Swamp (0/4) Lair:2        Snake (0/4) Lair:2          Orc (1/2) D:10
 Bailey (visited)
  Slime: Lair:4-5

Altars:
Ashenzari
Fedhas
Makhleb
Ru
Sif Muna
Trog
Wu Jian
Xom
Zin

Shops:
D:4 (!!

Annotations:
D:5 2 transporters
D:7 exclusion: 2 downstairs


Innate Abilities, Weirdness & Mutations

You are small and have problems with some larger weapons.
You are completely attuned to the shadows.


Message History

The elephant skeleton tramples you.
You are shoved backwards!
You shoot an arrow. The arrow hits the elephant skeleton!
The elephant skeleton is almost destroyed.
The elephant skeleton closely misses you.
You shoot an arrow. The arrow hits the elephant skeleton!
You destroy the elephant skeleton!
Fedhas accepts your kill.
A death yak simulacrum comes into view.
You shoot an arrow.
The arrow hits the death yak simulacrum but does no damage.
The death yak simulacrum gores you! The death yak simulacrum freezes you!!
You are too injured to fight recklessly!
Fire: a) +4 shortbow
Press: ? - help, Q - select action, (/) - cycle Shift-Dir - straight line, f/p - death yak simulacrum
Aim: a death yak simulacrum (98% to hit)
You shoot an arrow.
The arrow hits the death yak simulacrum but does no damage.
The death yak simulacrum completely misses you.
Fire: a) +4 shortbow
Press: ? - help, Q - select action, (/) - cycle Shift-Dir - straight line, f/p - death yak simulacrum
Aim: a death yak simulacrum (98% to hit)
You shoot an arrow.
The arrow hits the death yak simulacrum!
The death yak simulacrum is moderately damaged.
Fire: a) +4 shortbow
Press: ? - help, Q - select action, (/) - cycle Shift-Dir - straight line, f/p - death yak simulacrum
Aim: a death yak simulacrum (moderately damaged, 98% to hit)
You shoot an arrow.
The arrow hits the death yak simulacrum.
The death yak simulacrum is moderately damaged.
The death yak simulacrum gores you! The death yak simulacrum freezes you!!
* * * LOW HITPOINT WARNING * * *
You feel much better. The death yak simulacrum gores you!
The death yak simulacrum freezes you!!
* * * LOW HITPOINT WARNING * * *
The death yak simulacrum gores you.
* * * LOW HITPOINT WARNING * * *
The death yak simulacrum freezes you!!
You die...
Fedhas appreciates your contribution to the ecosystem.

8P8# #♣♣♣## P⌠P8
##♣....## ....
##♣PP.#..P♣########'''#
.......##....†♣.@Z.....
##.#...#.........Z.....
#####.##P............<.
.#####............
###..........
..#.......


You could see 2 death yak simulacra.

Vanquished Creatures
  Harold (Lair:2)
  3 hydras
  A two-headed ogre (D:8)
  Erica (D:10)
  5 death yaks
  A cyclops (D:9)
  4 manticores (D:11)
  A black mamba (Lair:3)
  3 cane toads
  2 rime drakes
  3 kobold demonologists (D:10)
  6 komodo dragons
  7 trolls
  Grinder (D:4)
  3 polar bears
  A tarantella (Lair:2)
  A tyrant leech (Lair:2)
  A vampire (D:10)
  3 shadows
  4 wyverns
  20 yaks
  A basilisk (Lair:2)
  4 nagas (Lair:2)
  A warg (D:10)
  A swamp worm (Lair:2)
  6 water moccasins
  2 black bears
  7 ice beasts
  A sky beast (D:7)
  3 orc warriors
  2 ogres
  3 wolves (D:9)
  2 centaurs
  An elephant skeleton (Lair:5)
  3 kobold brigands
  A phantom (D:4)
  Blork the orc (D:4)
  A necrophage (D:6)
  16 bullfrogs
  A gnoll sergeant (D:6)
  4 wights
  5 killer bees
  A vampire bat (D:9)
  3 howler monkeys
  7 electric eels (D:9)
  5 orc priests
  2 jellies
  10 hounds
  Jessica (D:2)
  6 orc wizards
  3 iguanas (D:6)
  9 hell rats (Lair:2)
  14 gnolls
  12 adders
  13 river rats (Lair:2)
  2 white imps
  2 ufetubi
  4 worms
  26 orcs
  6 ball pythons
  4 endoplasms
  7 giant cockroaches
  8 goblins
  12 hobgoblins
  6 jackals
  18 kobolds
  12 quokkas
  12 bats
  A frilled lizard (D:1)
  12 rats
356 creatures vanquished.

Vanquished Creatures (collateral kills)
  2 death yaks (Lair:2)
  Pikel (D:9)
  A troll (D:9)
4 creatures vanquished.

Vanquished Creatures (others)
  A fire crab (Lair:4)
  A yak (Lair:1)
  A water moccasin (Lair:5)
  A ball python (D:3)
  12 fungi
  29 plants
45 creatures vanquished.

Grand Total: 405 creatures vanquished

Notes
Turn   | Place    | Note
-------+----------+-------------------------------------------
     0 | D:1      | fleeber the Kobold Hunter began the quest for the Orb.
     0 | D:1      | Reached XP level 1. HP: 12/12 MP: 1/1
   183 | D:1      | Reached XP level 2. HP: 18/18 MP: 2/2
  1209 | D:2      | Reached XP level 3. HP: 22/22 MP: 3/3
  1457 | D:2      | Noticed Jessica
  1460 | D:2      | Killed Jessica
  1461 | D:2      | Reached skill level 6 in Ranged Weapons
  1461 | D:2      | Reached XP level 4. HP: 27/27 MP: 4/4
  2008 | D:3      | You are sucked into a shaft and drop 1 floor!
  2008 | D:4      | Found Ryq Sipt's Weapon Emporium.
  2018 | D:4      | Found a burning altar of Makhleb.
  2074 | D:4      | Found Ceass's Distillery.
  2079 | D:4      | Bought a potion of curing for 33 gold pieces
  2079 | D:4      | Bought a potion of heal wounds for 55 gold pieces
  2114 | D:4      | Reached XP level 5. HP: 32/32 MP: 5/5
  2193 | D:3      | Found a bloodstained altar of Trog.
  2405 | D:3      | Found a glowing silver altar of Zin.
  2655 | D:3      | Found a faded altar of an unknown god.
  3206 | D:3      | Found a sacrificial altar of Ru.
  3278 | D:3      | Reached skill level 7 in Ranged Weapons
  3278 | D:3      | Reached XP level 6. HP: 37/37 MP: 6/6
  4385 | D:4      | Bought a potion of curing for 33 gold pieces
  4385 | D:4      | Bought a potion of curing for 33 gold pieces
  4460 | D:4      | Reached XP level 7. HP: 19/42 MP: 7/7
  4563 | D:4      | Noticed Grinder
  4568 | D:4      | Paralysed by Grinder for 5 turns
  4578 | D:4      | Killed Grinder
  4579 | D:4      | Reached skill level 8 in Ranged Weapons
  4732 | D:4      | Found Tattik's Distillery.
  4735 | D:4      | Bought a potion of curing for 39 gold pieces
  4788 | D:4      | Noticed Blork the orc
  4795 | D:4      | Killed Blork the orc
  4796 | D:4      | Reached skill level 5 in Stealth
  5139 | D:4      | Reached XP level 8. HP: 48/48 MP: 8/8
  5163 | D:4      | Reached skill level 5 in Dodging
  5235 | D:5      | Entered Level 5 of the Dungeon
  5243 | D:5      | Reached skill level 9 in Ranged Weapons
  5271 | D:5      | Found a transporter.
  5323 | D:5      | Reached skill level 5 in Fighting
  5811 | D:5      | Found a transporter.
  5959 | D:5      | Found a blossoming altar of Fedhas.
  6285 | D:5      | Became a worshipper of Fedhas Madash
  6963 | D:6      | Reached skill level 1 in Invocations
  6978 | D:6      | Found an ornate altar of the Wu Jian Council.
  6997 | D:6      | Reached skill level 10 in Ranged Weapons
  6997 | D:6      | Reached XP level 9. HP: 25/54 MP: 8/10
  7457 | D:6      | Found a shimmering altar of Xom.
  7814 | D:6      | Found a staircase to the Ecumenical Temple.
  8686 | D:7      | Reached * piety under Fedhas
  8687 | D:7      | Found a flagged portal.
  8693 | Bailey   | Entered a bailey
  8840 | D:7      | Reached skill level 11 in Ranged Weapons
 10035 | D:4      | Bought a potion of curing for 39 gold pieces
 10035 | D:4      | Bought a potion of heal wounds for 65 gold pieces
 10250 | D:7      | Reached XP level 10. HP: 61/61 MP: 12/12
 10640 | D:8      | Found a shimmering blue altar of Sif Muna.
 10922 | D:7      | Reached skill level 12 in Ranged Weapons
 11169 | D:8      | Noticed a two-headed ogre
 11497 | D:8      | Reached ** piety under Fedhas
 11632 | D:8      | Noticed a two-headed ogre
 11667 | D:8      | Killed a two-headed ogre
 11903 | D:8      | Found a broken altar of Ashenzari.
 12292 | D:9      | Noticed Pikel
 12423 | D:9      | Noticed a cyclops
 12452 | D:9      | Killed a cyclops
 12453 | D:9      | Reached skill level 13 in Ranged Weapons
 12453 | D:9      | Reached skill level 5 in Invocations
 12574 | D:9      | Killed Pikel
 12575 | D:9      | Reached XP level 11. HP: 67/67 MP: 14/14
 12952 | D:9      | Reached skill level 10 in Stealth
 13024 | D:9      | Found a staircase to the Lair.
 13479 | D:10     | Entered Level 10 of the Dungeon
 13750 | D:10     | Reached skill level 14 in Ranged Weapons
 13911 | D:10     | Reached *** piety under Fedhas
 13934 | D:10     | Found a staircase to the Orcish Mines.
 14005 | D:10     | Noticed Erica
 14011 | D:10     | Killed Erica
 14224 | D:10     | Noticed a soul eater
 15204 | D:11     | Noticed a manticore
 15221 | D:11     | Killed a manticore
 15269 | D:11     | Noticed a manticore
 15281 | D:11     | Killed a manticore
 15381 | D:11     | Identified the +2 leather armour "Uhobaci" {Stlth+}
 15524 | D:11     | Noticed a manticore
 15536 | D:11     | Killed a manticore
 15622 | D:11     | Reached XP level 12. HP: 55/75 MP: 17/17
 15709 | D:11     | Reached skill level 15 in Ranged Weapons
 16576 | D:11     | Noticed a two-headed ogre
 17266 | Lair:1   | Entered Level 1 of the Lair of Beasts
 17532 | Lair:1   | Reached **** piety under Fedhas
 17688 | Lair:1   | Reached skill level 10 in Dodging
 17772 | Lair:1   | Found a broken altar of Ashenzari.
 18317 | Lair:2   | Found a staircase to the Swamp.
 18523 | Lair:2   | Noticed Urug
 18525 | Lair:2   | Noticed Harold
 18654 | Lair:2   | Noticed Urug
 18654 | Lair:2   | Urug changed into Urug the tarantella
 18658 | Lair:2   | Killed Urug the tarantella
 18696 | Lair:2   | Killed Harold
 18870 | Lair:2   | Noticed a death yak
 19051 | Lair:2   | Noticed a death yak
 19052 | Lair:2   | Noticed a death yak
 19168 | Lair:2   | Noticed a death yak
 19439 | Lair:2   | Reached skill level 16 in Ranged Weapons
 19641 | Lair:2   | Reached ***** piety under Fedhas
 19861 | Lair:2   | Found a staircase to the Snake Pit.
 19974 | Lair:2   | Killed a death yak
 20034 | Lair:2   | Killed a death yak
 20045 | Lair:2   | Killed a death yak
 20046 | Lair:2   | Reached XP level 13. HP: 56/82 MP: 13/19
 20455 | Lair:3   | Reached skill level 10 in Fighting
 20566 | Lair:3   | Reached skill level 1 in Evocations
 20888 | Lair:3   | Noticed a five-headed hydra
 21007 | Lair:3   | Killed a five-headed hydra
 21059 | Lair:3   | Got Vaimola's Octavo of the Twisted Assassin
 21247 | Lair:3   | Learned a level 1 spell: Slow
 21385 | Lair:2   | Reached skill level 1 in Spellcasting
 21385 | Lair:2   | Reached skill level 1 in Hexes
 22395 | Lair:4   | Noticed a six-headed hydra
 22829 | Lair:4   | Killed a six-headed hydra
 22988 | Lair:5   | Entered Level 5 of the Lair of Beasts
 23184 | Lair:5   | Reached skill level 5 in Evocations
 23347 | Orc:1    | Entered Level 1 of the Orcish Mines
 23639 | Lair:5   | Noticed a six-headed hydra
 23656 | Lair:5   | Killed a six-headed hydra
 23777 | Lair:5   | Demolished by a death yak simulacrum

Illustrated notes

Levels and vault maps discovered:
D:1:      dpeg_arrival_rhombi, layout_basic, dreamdust_princess_bridge,
          dreamdust_mushroom_princess
D:2:      layout_rooms, uniq_jessica
D:3:      layout_loops_corners, nicolae_ru_path_of_blood,
          nicolae_overflow_hidden_temple, zin_scriptorium,
          nicolae_ecumenical_snake_handling, lemuel_flame_loot_1
D:4:      minmay_chambers_of_fours, layout_cave_pools, bloody_makhleb,
          serial_shops, nicolae_shop_advertising_works
          [nicolae_subvault_shop_adworks], kennysheep_mini_moat, shop,
          nicolae_grassy_gnolls, uniq_grinder, uniq_blork_the_orc
D:5:      gammafunk_cloud_chamber, layout_loops_cross,
          lemuel_coloured_pillars_altar, minmay_circle_x
D:6:      layout_basic, overflow_temple_1_default, dk_xom_monty_hall,
          minmay_temple_entry_overgrown
D:7:      layout_basic, enter_bailey_3
D:8:      layout_basic, nicolae_ashenzari_skybound,
          mainiacjoe_overflow_24_doors, kennysheep_kite_vault
D:9:      layout_basic, erik_lair_island, roderic_batcave, lightli_minifort,
          uniq_pikel
D:10:     layout_basic, erik_orc_4, uniq_erica
D:11:     layout_long_grid, minmay_misc_feat_rugged
Lair:1:   layout_regular_city, basic_altar
Lair:2:   lemuel_ratsnest, layout_regular_city, minmay_swamp_entry_worms,
          guppyfry_snake_entry_island, serial_rivers,
          chequers_serial_rivers_large_a, chequers_serial_rivers_micro_d,
          chequers_serial_rivers_small_a, chequers_serial_rivers_micro_d,
          chequers_serial_rivers_large_b, chequers_serial_rivers_small_3,
          uniq_urug, uniq_harold
Lair:3:   layout_regular_city
Lair:4:   layout_long_grid, chequers_serial_rivers_room_b, grunt_megastairs_2,
          serial_bayou_shore_b
Lair:5:   due_jungle_book, layout_cave_pods, minmay_slime_entry_eyes,
          enter_volcano_1, columned_hall_lemuel, dpeg_oklob_1
Orc:1:    layout_caves

Skill      XL: |  1  2  3  4  5  6  7  8  9 10 11 12 13 |
---------------+----------------------------------------+-----
Stealth        | 2 3 4 5 6 8 9 10 12 | 12.8
Ranged Weapons | 6 7 8 10 11 13 14 16 | 16.0
Dodging        | 3 4 5 7 8 9 10 11 | 11.2
Fighting       | 3 4 5 6 7 8 9 10 | 10.2
Invocations    | 1 3 5 6 8 |  8.7
Evocations     | 5 |  5.4
Spellcasting   | 3 |  3.9
Hexes          | 3 |  3.8

Action                   |  1- 3 |  4- 6 |  7- 9 | 10-12 | 13-15 || total
-------------------------+-------+-------+-------+-------+-------++-------
 Fire: Shortbow          |    45 |   169 |   340 |   931 |   317 ||  1802
Invok: Wall of Briars    |       |       |       |     1 |     1 ||     2
       Grow Oklob        |       |       |       |     1 |     1 ||     2
Evoke: Wand              |       |       |       |     8 |       ||     8
  Use: Potion            |       |     2 |    10 |    10 |     1 ||    23
       Scroll            |       |       |     9 |    18 |     5 ||    32
Armor: Leather armour    |    11 |     7 |    38 |    65 |       ||   121
       Troll leather arm |       |       |       |    17 |       ||    17
       Ring mail         |       |       |       |       |    71 ||    71
Dodge: Dodged            |    23 |    74 |   180 |   615 |   255 ||  1147
